 Dungeon Crawl Stone Soup version 0.31.0-11-ge490571c62 (webtiles) character file.

Game seed: 2837614435084522086

252 Gadfly the Insei (level 5, 0/41 HPs)
             Began as a Demonspawn Monk on Feb 3, 2024.
             Slain by an iguana (10 damage)
             ... on level 4 of the Dungeon.
             The game lasted 00:04:49 (3572 turns).

Gadfly the Insei (Demonspawn Monk)                  Turns: 3572, Time: 00:04:49

Health: 0/41       AC:  5    Str: 13    XL:     5   Next: 89%
Magic:  5/5        EV: 13    Int: 11    God:
Gold:   129        SH:  0    Dex: 15    Spells: 2/4 levels left

rFire   + . .        b - +2 war axe (elec)
rCold   . . .        c - orb {light}
rNeg    . . .        q - +0 robe
rPois   +            (no helmet)
rElec   .            m - +0 cloak
rCorr   .            (no gloves)
SInv    .            (no boots)
Will    .....        (no amulet)
Stlth   +            e - ring of poison resistance
HPRegen 0.26/turn    a - ring of protection from fire
MPRegen 0.09/turn

%: no passive effects
@: glowing
A: molten scales 1, powered by death 2
a: no special abilities


You were on level 4 of the Dungeon.
You visited 1 branch of the dungeon, and saw 4 of its levels.

You collected 222 gold pieces.
You spent 93 gold pieces at shops.

Inventory:

Hand Weapons
 b - a +2 war axe of electrocution (weapon)
 h - a +4 short sword of protection
 o - a +4 whip
Armour
 c - an orb of light (worn)
 m - a +0 cloak (worn)
 q - a +0 robe (worn)
Jewellery
 a - a ring of protection from fire (right hand)
 e - a ring of poison resistance (left hand)
Talismans
 d - a flux talisman
Scrolls
 f - 3 scrolls of teleportation
Potions
 g - 2 potions of haste
 i - a potion of attraction {unknown}
 k - a potion of heal wounds
 l - a potion of berserk rage {unknown}
 n - a potion of curing
 r - a potion of ambrosia


   Skills:
 - Level 3.0 Fighting
 + Level 3.4 Dodging
 * Level 3.9 Unarmed Combat
 * Level 2.9 Evocations
 * Level 2.2 Shapeshifting


You had 2 spell levels left.
You knew the following spells:

 Your Spells              Type           Power      Damage    Failure   Level
a - Blink                 Tloc           0%         N/A       47%         2

Your spell library contained the following spells:

 Spells                   Type           Power      Damage    Failure   Level
 Magic Dart               Conj           0%         1d3       34%         1
 Call Imp                 Summ           0%         N/A       47%         2
 Fugue of the Fallen      Necr           0%         N/A       71%         3
 Ozocubu's Armour         Ice            0%         N/A       71%         3
 Manifold Assault         Tloc           0%         N/A       98%         4


Dungeon Overview and Level Annotations

Branches:
Dungeon (4/15)
 Temple: D:4-7

Altars:

Shops:
D:3 *(


Innate Abilities, Weirdness & Mutations

You are partially covered in molten scales. (AC +2)
You regenerate health from kills.


Message History

No target in view!
No target in view!
No target in view!
As you read the scroll labelled VANGUSTUQE, it crumbles to dust.
You feel aware of your surroundings.
It was a scroll of revelation.
Things that are here:
a +0 short sword; a kobold corpse An iguana comes into view.
The iguana hisses angrily.
An iguana is nearby!
An iguana is nearby!
The iguana hisses menacingly.
The iguana barely misses you.
You barely miss the iguana. The iguana closely misses you.
You hit the iguana but do no damage. The iguana bites you.
The iguana bites you!
You hit the iguana but do no damage. The iguana bites you!
You are too injured to fight recklessly!
You are too injured to fight recklessly!
You are too injured to fight recklessly!
You are too injured to fight recklessly!
You are too injured to fight recklessly!
You are too injured to fight recklessly!
An iguana is nearby!
An iguana is nearby!
You are too injured to fight recklessly!
You hit the iguana.
The iguana is lightly wounded.
The iguana completely misses you. The iguana bites you.
You hit the iguana.
The iguana is heavily wounded.
The iguana bites you but does no damage.
You hit the iguana.
The iguana is severely wounded.
The iguana misses you. The iguana bites you.
* * * LOW HITPOINT WARNING * * *
You hit the iguana.
The iguana is almost dead.
The iguana bites you!
You die...

####....####
.........#########
####.............#
###>...#########.#
##.....##### #.#
###...###### #.# ##.##
#.# #.# #.# #.#
**#@#***** *#+#*
#..l.....# **,,,**
#....###.# **,,,,,**
#.....**,* *,,,,,,,**
*#.....#*,*
,,,,,,,,,****......#*,*
,,,,,,,,,+,,......##*,*
,,,,,,,,,**##...#.#**,*
*,,,,,,,** **,,,,,,,,*


You could see an iguana.

Vanquished Creatures
  Crazy Yiuf (D:2)
  An orc priest (D:4)
  A sleepcap (D:4)
  Jessica (D:2)
  An orc wizard (D:4)
  3 adders (D:2)
  2 ribbon worms
  A dart slug (D:2)
  7 orcs
  7 ball pythons
  8 endoplasms
  4 giant cockroaches
  5 goblins
  7 hobgoblins
  A jackal (D:2)
  3 quokkas
  4 bats
  5 frilled lizards
  7 kobolds
  5 rats
74 creatures vanquished.

Notes
Turn   | Place    | Note
-------+----------+-------------------------------------------
     0 | D:1      | Gadfly the Demonspawn Monk began the quest for the Orb.
     0 | D:1      | Reached XP level 1. HP: 18/18 MP: 1/1
   126 | D:1      | Gained mutation: You regenerate a little health from kills.
                  | [demonic ancestry]
   126 | D:1      | Reached XP level 2. HP: 8/24 MP: 2/2
   319 | D:1      | HP: 1/24 [frozen (5)]
   520 | D:1      | Reached skill level 1 in Evocations
   907 | D:2      | Reached skill level 1 in Shapeshifting
   907 | D:2      | Gained mutation: You are partially covered in molten
                  | scales. (AC +2) [demonic ancestry]
   907 | D:2      | Reached XP level 3. HP: 29/29 MP: 3/3
  1516 | D:2      | Reached XP level 4. HP: 35/35 MP: 4/4
  1664 | D:2      | Found a runed translucent door.
  1665 | D:2      | Noticed Crazy Yiuf
  1679 | D:2      | Killed Crazy Yiuf
  1931 | D:2      | Noticed Jessica
  1951 | D:2      | Killed Jessica
  1970 | D:2      | Learned a level 2 spell: Blink
  2291 | D:3      | Gained mutation: You regenerate health from kills. [demonic
                  | ancestry]
  2291 | D:3      | Reached XP level 5. HP: 38/41 MP: 5/5
  2356 | D:3      | Found Lulunn's Assorted Antiques.
  2364 | D:3      | Bought a scroll labelled SIEGUYT HAFU for 31 gold pieces
  2364 | D:3      | Bought a scroll labelled LEQ FEECRA for 31 gold pieces
  2364 | D:3      | Bought a scroll labelled GUELAB XIKLIR for 31 gold pieces
  2680 | D:3      | Found Faijotao's Weapon Emporium.
  3572 | D:4      | Slain by an iguana

Illustrated notes

Levels and vault maps discovered:
D:1:      lightli_arrival_isolated_outpost, layout_basic, serial_corexii_hall,
          corexii_hall_statues_deadend, corexii_hall_statues_i,
          grunt_decor_arrowhead
D:2:      kb_forest_paths, layout_basic, uniq_crazy_yiuf_cottage, uniq_jessica
D:3:      minmay_general_purpose_star, layout_basic, serial_shops, shop, shop,
          skrybe_limestone_x
D:4:      layout_loops_corners, nrook_loot_triangle, uniq_menkaure

Skill      XL: |  1  2  3  4  5 |
---------------+----------------+-----
Unarmed Combat | 3 |  3.9
Evocations     | 1 2 |  2.9
Dodging        | 3 |  3.4
Shapeshifting  | 1 2 |  2.2
Fighting       | |  3.0

Action                     |  1- 3 |  4- 6 || total
---------------------------+-------+-------++-------
  Melee: Unarmed           |   119 |   114 ||   233
         War axe           |       |    21 ||    21
    Use: Scroll            |     5 |     7 ||    12
         Potion            |       |     3 ||     3
 Armour: Robe              |    59 |    77 ||   136
  Dodge: Dodged            |    64 |    78 ||   142
